 Dungeon Crawl Stone Soup version 0.28-a0-1613-gdaab1c2f9b (webtiles) character file.

Game seed: 12144462715684616903

16 bande the Covered (level 2, -3/20 HPs)
             Began as a Gargoyle Fighter on Jan 22, 2022.
             Slain by a gnoll (6 damage)
             ... on level 1 of the Dungeon.
             The game lasted 00:00:57 (409 turns).

bande the Covered (Gargoyle Fighter)                 Turns: 409, Time: 00:00:58

Health: -3/20      AC:  9    Str: 19    XL:     2   Next: 58%
Magic:  2/2        EV:  9    Int:  8    God:
Gold:   0          SH:  4    Dex:  9    Spells: 1/1 levels left

rFire   . . .      SeeInvis .   a - +0 war axe
rCold   . . .      Faith    .   c - +0 buckler
rNeg    + . .      Spirit   .   b - +0 scale mail
rPois   ∞          Reflect  .   (no helmet)
rElec   +          Harm     .   (no cloak)
rCorr   .          Rampage  .   (no gloves)
Will    .....                   (no boots)
Stlth   ..........              (no amulet)
HPRegen 0.06/turn               (no ring)
MPRegen 0.08/turn               (no ring)

@: no status effects
A: sickness immunity, AC +2, negative energy resistance 1, electricity
resistance, torment resistance 1, petrification resistance
a: no special abilities


You were on level 1 of the Dungeon.
You visited 1 branch of the dungeon, and saw 1 of its levels.

Inventory:

Hand Weapons
 a - a +0 war axe (weapon)
Armour
 b - a +0 scale mail (worn)
 c - a +0 buckler (worn)
Potions
 d - a potion of might


   Skills:
 + Level 3.6 Fighting
 + Level 2.0 Axes
 + Level 3.6 Armour
 + Level 3.4 Shields


You had one spell level left.
You didn't know any spells.
Your spell library was empty.

Dungeon Overview and Level Annotations

Branches:
Dungeon (1/15)

Altars:

Shops:
D:1 ?


Innate Abilities, Weirdness & Mutations

You are immune to sickness and miasma.
Your stone body is resilient. (AC +2)
You are immune to poison.
You resist negative energy. (rN+)
You are resistant to electric shocks. (rElec)
You are resistant to unholy torment.
You are immune to petrification.


Message History

You slash the kobold!
You kill the kobold!
You block the gnoll's attack.
The jackal barks!
You hear a bark! x2
A jackal comes into view. x2
You block the jackal's attack.
You see here a rat corpse.
The jackal closely misses you.
You closely miss the jackal. The jackal barely misses you.
You block the jackal's attack.
You closely miss the jackal. The jackal bites you. x2
You hit the jackal.
The jackal is heavily wounded.
The jackal bites you but does no damage.
The jackal closely misses you.
You closely miss the jackal.
The jackal is heavily wounded.
You block the jackal's attack. The jackal closely misses you.
You hit the jackal but do no damage.
The jackal is heavily wounded.
The jackal closely misses you. x2
You hit the jackal.
You kill the jackal!
The jackal barely misses you. The gnoll hits you but does no damage.
Your Axes skill increases to level 2!
You block the jackal's attack.
The jackal bites you but does no damage.
There is a stone staircase leading down here.
The jackal bites you but does no damage.
The jackal bites you.
The jackal bites you but does no damage.
You hit the jackal.
The jackal is almost dead.
The jackal closely misses you. x2; The gnoll hits you but does no damage.
You hit the jackal.
You kill the jackal!
The gnoll hits you from afar with a +0 spear.
* * * LOW HITPOINT WARNING * * *
The gnoll hits you from afar with a +0 spear.
You die...

####### ###
#.....# #..
#.###.##########
#.# #.#
#.....@.gh.# #†#
#.###.########.#
#.# #.....#
#.##########..
###.###
#..>h.....†...
#.#
######.#####..
#)# #.# ### ###
#.# #.# ..##.#
#.# # #.#.# #.#


You could see a gnoll and a jackal.

Vanquished Creatures
  A ball python (D:1)
  An endoplasm (D:1)
  A giant cockroach (D:1)
  3 goblins (D:1)
  2 hobgoblins (D:1)
  3 jackals (D:1)
  A frilled lizard (D:1)
  A kobold (D:1)
  2 rats (D:1)
15 creatures vanquished.

Notes
Turn   | Place    | Note
-------+----------+-------------------------------------------
     0 | D:1      | bande the Gargoyle Fighter began the quest for the Orb.
     0 | D:1      | Reached XP level 1. HP: 14/14 MP: 1/1
   116 | D:1      | Found Hoggiurgh's Magic Scroll Shop.
   188 | D:1      | Reached XP level 2. HP: 19/19 MP: 2/2
   409 | D:1      | Slain by a gnoll

Illustrated notes

Levels and vault maps discovered:
D:1:      wander_arrival_peaceful_grave, layout_loops_ring, serial_shops, shop,
          hellmonk_ecumenical_altar_prayer_group, ebering_dispersal_statue_hall,
          minmay_misc_feat_secret_circle

Skill      XL: |  1  2 |
---------------+-------+-----
Axes           | 2 |  2.0
Fighting       | |  3.6
Armour         | |  3.6
Shields        | |  3.4

Action                   || total
-------------------------++-------
Melee: War axe           ||    41
Armor: Scale mail        ||    31
Dodge: Dodged            ||    24
Block: Buckler           ||    13

Table legend: (Time is in decaauts)
 A = Elapsed time spent in this place.
 B = Non-inter-level travel time spent in this place.
 C = Inter-level travel time spent in this place.
 D = Time resting spent in this place.
 E = Time spent auto-exploring this place.
 F = Levels seen in this place.
 G = Mean time per level.
                   A        B        C        D        E       F      G
               +--------+--------+--------+--------+--------+-----+--------+
         Total |    427 |    427 |      0 |      0 |    294 |   1 |  427.0 |
       Dungeon |    427 |    427 |      0 |      0 |    294 |   1 |  427.0 |
               +--------+--------+--------+--------+--------+-----+--------+

Top non-repeatable levels by time:
     D:1: 427 daAuts
